 Dungeon Crawl Stone Soup version 0.19.5 (webtiles) character file.

126 djnw the Grave Robber (level 4, -1/30 HPs)
             Began as a Mummy Necromancer on Mar 25, 2017.
             Killed by divine providence
             ... invoked by an orc priest
              (13 damage)
             ... on level 3 of the Dungeon.
             The game lasted 00:11:26 (2618 turns).

djnw the Grave Robber (Mummy Necromancer)           Turns: 2618, Time: 00:11:27

Health: -1/30      AC:  2    Str: 11    XL:     4   Next: 84%
Magic:  1/8        EV: 12    Int: 22    God:
Gold:   130        SH:  0    Dex: 12    Spells: 3 memorised, 4 levels left

rFire  x . .     SeeInvis .     c - +0 hand axe
rCold  + . .     Gourm    .     a - +0 robe
rNeg   + + +     Faith    .     (no shield)
rPois  ∞         Spirit   .     (no helmet)
rElec  .         Reflect  .     (no cloak)
rCorr  .         Harm     .     (no gloves)
MR     .....                    (no boots)
Stlth  ++........               (no amulet)
                                e - +4 ring of intelligence
                                i - +3 ring of intelligence

@: no status effects
A: no food or potions, fire vulnerability, cold resistance 1, negative energy
resistance 3, torment resistance, unbreathing
a: no special abilities


You were on level 3 of the Dungeon.
You were not hungry.

You visited 1 branch of the dungeon, and saw 3 of its levels.

You collected 130 gold pieces.

Inventory:

Hand Weapons
 c - a +0 hand axe (weapon)
Armour
 a - a +0 robe (worn)
Jewellery
 d - an uncursed ring of wizardry
 e - a +4 ring of intelligence (right hand)
 f - an uncursed ring of resist corrosion {unknown}
 h - a cursed ring of protection from magic {unknown}
 i - a +3 ring of intelligence (left hand)
Scrolls
 g - a scroll of immolation
 j - a scroll of amnesia {unknown}
 k - a scroll of identify
Books
 b - a book of Necromancy

   Spells                             Type                      Level
   a - Pain                           Necromancy                   1
   b - Animate Skeleton               Necromancy                   1
   c - Vampiric Draining              Necromancy                   3
   d - Regeneration                   Charms/Necromancy            3
   e - Animate Dead                   Necromancy                   4
   f - Control Undead                 Necromancy                   4


   Skills:
 - Level 1.5 Dodging
 - Level 1.5 Stealth
 + Level 3.1 Spellcasting
 * Level 5.6 Necromancy


You had 4 spell levels left.
You knew the following spells:

 Your Spells              Type           Power        Failure   Level  Hunger
a - Pain                  Necr           ####         1%          1    N/A
b - Animate Skeleton      Necr           N/A          1%          1    N/A
c - Vampiric Draining     Necr           ####......   4%          3    N/A

Dungeon Overview and Level Annotations

Branches:
Dungeon (3/15)

Altars:


Innate Abilities, Weirdness & Mutations

You do not eat or drink.
Your flesh is vulnerable to fire.
You are immune to poison.
Your flesh is cold resistant. (rC+)
You are immune to negative energy. (rN+++)
You are immune to unholy pain and torment.
You can survive without breathing.


Message History

The orc priest is moderately wounded.
You hit the orc priest.
The orc priest calls upon Beogh to heal the orc priest.
The orc priest's wounds heal themselves!
The orc priest hits you with a club!
Your hobgoblin skeleton hits the orc priest.
The orc priest closely misses you.
An ooze comes into view.
You barely miss the orc priest. You completely miss the orc priest.
The orc priest hits you with a club.
The ooze jiggles.
The orc priest hits you.
Your hobgoblin skeleton hits the orc priest.
The orc priest dies!
Unknown command.
You hit the orc priest.
The orc priest is heavily wounded.
The orc priest invokes the aid of Beogh against you.
Beogh smites you!
You die...

#... .........##.
..##..####....%##..
...............##..
.............##....
............##.... .
....###........... ...
####..............
....g##.......#.#.......
.....Jo@......#.##......
.....w.Z......#.##......
..?......#...S..........
.....$...####...........
......#### #...........
...... ###.........
...... #.......## ......
.........# .........#


You could see an orc priest, an ooze, an adder, a dart slug, a goblin and a
friendly hobgoblin skeleton.

Vanquished Creatures
  Ijyb (D:2)
  3 adders (D:2)
  A worm (D:3)
  3 leopard geckos
  2 orcs (D:3)
  8 goblins
  4 hobgoblins (D:3)
  2 jackals (D:2)
  5 kobolds
  2 ball pythons
  8 bats
  3 frilled lizards
  5 rats
47 creatures vanquished.

Vanquished Creatures (collateral kills)
  An orc priest (D:3)
  A rat (D:2)
2 creatures vanquished.

Grand Total: 49 creatures vanquished

Notes
Turn   | Place    | Note
-------+----------+-------------------------------------------
     0 | D:1      | djnw the Mummy Necromancer began the quest for the Orb.
     0 | D:1      | Reached XP level 1. HP: 13/13 MP: 3/3
    38 | D:1      | Learned a level 1 spell: Animate Skeleton
   680 | D:1      | Reached XP level 2. HP: 14/19 MP: 0/5
  1414 | D:2      | Reached XP level 3. HP: 22/24 MP: 0/6
  1632 | D:2      | Noticed Ijyb
  1662 | D:2      | Killed Ijyb
  1662 | D:2      | Reached skill level 5 in Necromancy
  1858 | D:2      | Reached XP level 4. HP: 29/30 MP: 4/8
  1907 | D:2      | Learned a level 3 spell: Vampiric Draining
  2618 | D:3      | Killed from afar by an orc priest

Skill      XL: |  1  2  3  4 |
---------------+-------------+-----
Necromancy     | 5 |  5.6
Spellcasting   | 3 |  3.1
Dodging        | |  1.5
Stealth        | |  1.5

Action                   |  1- 3 |  4- 6 || total
-------------------------+-------+-------++-------
Melee: Hand axe          |    28 |    11 ||    39
 Cast: Pain              |    51 |    27 ||    78
       Animate Skeleton  |    13 |     6 ||    19
       Vampiric Draining |       |     1 ||     1
  Use: Scroll            |     4 |     1 ||     5
 Stab: Sleeping          |     1 |       ||     1
Armor: Robe              |    16 |     4 ||    20
Dodge: Dodged            |    49 |    10 ||    59
